 Dungeon Crawl Stone Soup version 0.28-a0-1415-g7c84da036a (webtiles) character file.

Game seed: 12591607822005260047

167022 fragbeetle the Black Belt (level 17, -10/146 HPs)
             Began as a Green Draconian Transmuter on Jan 6, 2022.
             Was the Champion of Okawaru.
             Killed by divine providence
             ... invoked by a meliai
              (16 damage)
             ... on level 1 of the Spider Nest on Jan 7, 2022.
             The game lasted 03:52:58 (45705 turns).

fragbeetle the Black Belt (DrTm)                   Turns: 45705, Time: 03:52:59

Health: -10/146    AC: 15    Str: 15    XL:     17   Next: 30%
Magic:  27/30      EV: 32    Int: 14    God:    Okawaru [******]
Gold:   1669       SH:  0    Dex: 17    Spells: 2/34 levels left

rFire   + . .      SeeInvis +     - Unarmed
rCold   + + +      Faith    .   (shield currently unavailable)
rNeg    . . .      Spirit   .   (armour unavailable)
rPois   +          Reflect  .   Y - +0 hat "Holisch" {Contam rPois rC+++ Slay+2}
rElec   .          Harm     .   n - scarf {rC+ rF+}
rCorr   .          Rampage  .   (gloves currently unavailable)
Will    +....                   l - +1 pair of boots
Stlth   +++.......              G - amulet of the acrobat
HPRegen 0.34/turn               M - ring of see invisible
MPRegen 0.22/turn               q - +4 ring of protection

@: about to teleport, blade hands, acrobatic
A: breathe noxious fumes, AC +9, unfitting armour, stinger 1, poison resistance,
cold-blooded
a: Breathe Noxious Fumes, End Transformation, Renounce Religion, Heroism,
Finesse, Duel


You were on level 1 of the Spider Nest.
You worshipped Okawaru.
Okawaru was exalted by your worship.
You had blades for hands.
You visited 6 branches of the dungeon, and saw 27 of its levels.
You also visited: Bailey and Volcano.

You collected 3494 gold pieces.
You spent 1825 gold pieces at shops.

Inventory:

Hand Weapons
 a - the +6 rapier "Wuitoir" {vorpal, Contam rElec rPois}
   (You found it on level 12 of the Dungeon)

   It inflicts extra damage upon your enemies.
   rElec:     It insulates you from electricity.
   rPois:     It protects you from poison.
   Contam:    It causes magical contamination when unequipped.
 j - a +6 vorpal fustibalus (melded)
 t - the +8 rapier of Plog {drain, *Noise rElec Will+}
   (Okawaru gifted it to you on level 2 of the Lair of Beasts)

   A truly terrible weapon, it drains the life of any living foe it strikes.
   rElec:     It insulates you from electricity.
   *Noise:    It may make noises in combat.
   Will:      It increases your willpower.
 x - the +5 lajatang of True Grit {vorpal, *Rage Will++ MP+9 Dex+4}
   (Okawaru gifted it to you in a bailey)

   It inflicts extra damage upon your enemies.
   Dex:       It affects your dexterity (+4).
   MP:        It affects your magic capacity (+9).
   *Rage:     It berserks you when you make melee attacks (+20% chance).
   Will:      It greatly increases your willpower.
 W - the +6 hunting sling "Killer Klown's Regret" {vorpal, rC+}
   (Okawaru gifted it to you on level 1 of the Spider Nest)

   Any ammunition fired from it inflicts extra damage upon your enemies.
   rC:        It protects you from cold.
Missiles
 c - 159 poisoned darts (quivered)
 v - 3 throwing nets
 z - 157 sling bullets
Armour
 h - a +2 hat
 l - a +1 pair of boots (worn)
 n - a scarf of resistance (worn)
 s - the +2 buckler of the Ten Lies (melded) {Dex+5}
   (Okawaru gifted it to you on level 15 of the Dungeon)

   Dex:       It affects your dexterity (+5).
 Y - the +0 hat "Holisch" (worn) {Contam rPois rC+++ Slay+2}
   (Okawaru gifted it to you on level 1 of the Spider Nest)

   Slay:      It affects your accuracy & damage with ranged weapons and melee
   (+2).
   rC:        It renders you almost immune to cold.
   rPois:     It protects you from poison.
   Contam:    It causes magical contamination when unequipped.
Jewellery
 f - a +6 ring of strength
 q - a +4 ring of protection (right blade hand)
 r - a +6 ring of intelligence
 y - a ring of protection from fire
 D - a +4 ring of slaying
 G - an amulet of the acrobat (around neck)
 J - a ring of flight
 M - a ring of see invisible (left blade hand)
 S - a ring of willpower
 V - a ring of protection from cold
 X - an amulet of regeneration
Wands
 k - a wand of iceblast (21)
 p - a wand of acid (4)
 C - a wand of paralysis (13)
 F - a wand of polymorph (9)
 I - a wand of mindburst (12)
 Q - a wand of flame (8)
 U - a wand of digging (8)
Scrolls
 d - a scroll of blinking
 m - 7 scrolls of fog
 o - 6 scrolls of teleportation
 B - 4 scrolls of fear
 H - a scroll of magic mapping
 P - 3 scrolls of silence
Potions
 b - 4 potions of lignification
 e - 2 potions of curing
 g - 2 potions of resistance
 u - 4 potions of flight
 A - 2 potions of haste
 E - 3 potions of magic
 K - 2 potions of invisibility
 L - a potion of heal wounds
 R - 3 potions of brilliance
 T - 4 potions of ambrosia
 Z - 3 potions of might
Miscellaneous
 i - a phial of floods
 w - a condenser vane
 N - a phantom mirror
 O - a lightning rod (4/4)


   Skills:
 + Level 11.7 Fighting
 - Level 5.1 Slings
 - Level 9.1 Dodging
 + Level 4.5 Stealth
 + Level 4.1 Shields
 * Level 15.3 Unarmed Combat
 - Level 9.1 Spellcasting
 - Level 6.5 Conjurations
 * Level 13.7 Transmutations
 + Level 12.3 Ice Magic
 + Level 2.5 Earth Magic
 - Level 7.8 Poison Magic
 - Level 7.0 Invocations


You had 2 spell levels left.
You knew the following spells:

 Your Spells              Type           Power      Damage    Failure   Level
a - Beastly Appendage     Tmut           90%        N/A       5%          1
b - Blade Hands           Tmut           22%        N/A       16%         5
c - Ice Form              Ice/Tmut       42%        N/A       12%         4
d - Passwall              Tmut/Erth      24%        N/A       13%         2
e - Mephitic Cloud        Conj/Pois/Air  19%        N/A       32%         3
f - Ozocubu's Armour      Ice            40%        N/A       9%          3
g - Dragon Form           Tmut           22%        N/A       75%         7
h - Ozocubu's Refrigerat  Ice            20%        4d9       88%         7

Your spell library contained the following spells:

 Spells                   Type           Power      Damage    Failure   Level
 Wereblood                Tmut           45%        N/A       6%          2
 Ensorcelled Hibernation  Hex/Ice        46%        N/A       17%         2
 Poisonous Vapours        Pois/Air       34%        N/A       28%         2
 Apportation              Tloc           12%        N/A       50%         1
 Slow                     Hex            24%        N/A       50%         1
 Blink                    Tloc           12%        N/A       58%         2
 Corpse Rot               Necr/Air       12%        N/A       58%         2
 Scorch                   Fire           12%        2d5       58%         2
 Spider Form              Tmut/Pois      36%        N/A       11%         3
 Ignite Poison            Fire/Tmut/Pois 26%        N/A       21%         3
 Alistair's Intoxication  Tmut/Pois      24%        N/A       28%         5
 Olgreb's Toxic Radiance  Pois           28%        N/A       30%         4
 Eringya's Noxious Bog    Tmut/Pois      18%        N/A       63%         6
 Freezing Cloud           Conj/Ice/Air   12%        6-21      67%         5
 Metabolic Englaciation   Hex/Ice        11%        N/A       69%         5
 Flame Wave               Conj/Fire      15%        2d5       73%         4
 Confusing Touch          Hex            6%         N/A       77%         3
 Vampiric Draining        Necr           6%         2d6       77%         3
 Lightning Bolt           Conj/Air       7%         1d20      93%         5
 Lee's Rapid Deconstruct  Erth           6%         3d7*      96%         5
 Airstrike                Air            3%         N/A       97%         4
 Cause Fear               Hex            3%         N/A       97%         4
 Borgnjor's Vile Clutch   Necr/Erth      5%         N/A       99%         5
 Iron Shot                Conj/Erth      9%         9d3       99%         6
 Manifold Assault         Tloc           6%         N/A       100%        5
 Enfeeble                 Hex            3%         N/A       100%        7
 Storm Form               Tmut/Air       12%        N/A       100%        7
 Ignition                 Fire           3%         3d4       100%        8
 Animate Skeleton         Necr           Unusable   N/A       N/A         1
 Summon Small Mammal      Summ           Unusable   N/A       N/A         1
 Call Imp                 Summ           Unusable   N/A       N/A         2
 Summon Ice Beast         Ice/Summ       Unusable   N/A       N/A         4
 Tukima's Dance           Hex            Unusable   N/A       N/A         3
 Animate Armour           Summ/Erth      Unusable   N/A       N/A         4
 Summon Lightning Spire   Summ/Air       Unusable   N/A       N/A         4
 Simulacrum               Ice/Necr       Unusable   N/A       N/A         6
 Summon Mana Viper        Hex/Summ       Unusable   N/A       N/A         5
 Summon Cactus Giant      Summ           Unusable   N/A       N/A         6
 Monstrous Menagerie      Summ           Unusable   N/A       N/A         7
 Dragon's Call            Summ           Unusable   N/A       N/A         9

Dungeon Overview and Level Annotations

Branches:
Dungeon (15/15)            Temple (1/1) D:5            Lair (6/6) D:10
  Snake (1/4) Lair:2       Spider (2/4) Lair:2        Slime (0/5) Lair:6
    Orc (2/2) D:11            Elf (0/3) Orc:2        Vaults (0/5) D:13
 Depths (0/4) D:15         Bailey (visited)         Volcano (visited)

Altars:
Ashenzari
Cheibriados
Gozag
Nemelex Xobeh
Okawaru
Qazlal
Ru
Sif Muna
Uskayaw
Wu Jian
Xom
Yredelemnul
Zin
The Shining One
Beogh
Jiyva
Lugonu

Shops:
D:2 :   Orc:1 *   Orc:2 :?!!   Snake:1 **

Portals:
Abyss: Orc:1
Trove: D:10 (give +4 demon trident)

Annotations:
D:7 exclusion: downstairs
D:10 2 transporters, flotson's ghost, novice DsGl
D:14 exclusion: oklob plant
D:15 reaver
Orc:2 3 runed translucent doors, exclusion: oklob plant, Clumpoid's ghost, journeyman TrMo


Innate Abilities, Weirdness & Mutations

You have blades for hands.
Your spellcasting is less reliable in this form.
You are incapable of wielding weapons or throwing items.
You can breathe blasts of noxious fumes.
Your lurid green scales are hard. (AC +9)
You cannot fit into any form of body armour.
Your tail ends in a venomous barb.
Your system is resistant to poisons. (rPois)
You are cold-blooded and may be slowed by cold attacks.


Message History

The meliai completely misses you. x2
The barbed spikes dig painfully into your body as you move.
* * * LOW HITPOINT WARNING * * *
There is a stone staircase leading up here.
The meliai barely misses you.
The meliai stings you but does no damage.
The wolf spider hits you.
* * * LOW HITPOINT WARNING * * *
The wolf spider bites you but does no damage.
The meliai completely misses you. The meliai closely misses you.
The barbed spikes dig painfully into your body as you move.
* * * LOW HITPOINT WARNING * * *
You climb upwards.
There is a stone staircase leading down here.
As you read the scroll of teleportation, it crumbles to dust.
You feel strangely unstable. The meliai hits you with a +0 hand axe.
* * * LOW HITPOINT WARNING * * *
The meliai misses you.
The meliai invokes the aid of its god against you.
Something smites you!
* * * LOW HITPOINT WARNING * * *
The wolf spider closely misses you. x2
You feel much better.
You carefully extract the barbed spikes from your body.
The meliai mumbles some strange prayers to its god against you.
Something smites you!
* * * LOW HITPOINT WARNING * * *
The wolf spider hits you but does no damage.
The wolf spider barely misses you.
The meliai calls down the wrath of its god upon you.
Something smites you!
* * * LOW HITPOINT WARNING * * *
The wolf spider barely misses you.
The wolf spider bites you but does no damage.
Blink to where?
Press: ? - help, Dir - move target
As you read the scroll of blinking, it crumbles to dust.
The meliai calls down the wrath of its god upon you.
Something smites you!
You die...

#...#######........###.....##....
#...## #.........##.....##....
...#.## #..........##...###....
......# #...........^..## #....
......## #..........###.## #....
.......# #....^......###.###....
.######.###...........####.......
## #.#.............##..#.>?..
########.##.....@......##..#....#
.........###...........##.##....#
..........##..............###....
...........##.........##..###...#
...........##..................##
...........#.########y...........
..........##.### #.........##.
##........#.#..# #..s.......#.
..######.#..#### #...ยง.....###


You could see a wolf spider and a meliai.

Vanquished Creatures
  Rupert (D:13)
  Gastronok (D:12)
  A frost giant (D:15)
  A ghost moth (Spider:1)
  2 emperor scorpions (Spider:1)
  A broodmother (Spider:2)
  A fire dragon (D:15)
  2 ettins (D:15)
  2 yaktaur captains (D:15)
  9 boulder beetles
  Harold (Lair:2)
  Erica (Lair:2)
  2 death knights
  The ghost of IdlyInterested the Slicer, a journeyman DsGl of Qazlal (Lair:1)
  An anaconda (Snake:1)
  3 catoblepae
  14 hydras
  A jorogumo (Spider:1)
  A radroach (Spider:2)
  12 centaur warriors
  7 ogre magi
  7 death yaks
  15 two-headed ogres
  4 shock serpents (Snake:1)
  Urug (D:13)
  A deep troll earth mage (D:15)
  A naga sharpshooter (Snake:1)
  Nergalle (D:11)
  4 deep elf knights (D:15)
  A pharaoh ant (Spider:1)
  A fire crab (D:15)
  2 steelbarb worms (Spider:1)
  9 skeletal warriors
  A deep elf archer (D:15)
  2 deep trolls (Orc:2)
  A phantasmal warrior (D:12)
  3 orb spiders (Spider:1)
  A naga ritualist (Snake:1)
  4 lindwurms (D:10)
  A wizard (D:13)
  A deep elf zephyrmancer (D:15)
  7 orc knights
  22 ugly things
  6 slime creatures
  12 wolf spiders
  A moth of wrath (Spider:1)
  4 manticores
  12 cyclopes
  9 black mambas
  19 elephants
  Maurice (D:10)
  A guardian serpent (Lair:6)
  A naga mage (Snake:1)
  2 torpor snails
  Maggie (D:6)
  10 cane toads
  5 kobold demonologists
  6 demonic crawlers (Spider:1)
  3 rime drakes
  A rime drake (shapeshifter) (D:14)
  10 komodo dragons
  A yaktaur (D:15)
  4 freezing wraiths
  A tengu conjurer (D:15)
  An efreet (D:15)
  A wolf spider simulacrum (D:15)
  7 meliai
  11 trolls
  A merfolk (shapeshifter) (D:15)
  3 hornets
  Grinder (D:4)
  3 polar bears
  9 tarantellas
  A wind drake (shapeshifter) (D:15)
  Prince Ribbit (D:5)
  23 blink frogs
  A dream sheep (Lair:1)
  A centaur simulacrum (D:15)
  A jumping spider (shapeshifter) (D:15)
  8 jumping spiders
  2 culicivoras (shapeshifter) (D:15)
  9 wyverns
  13 culicivoras
  A spriggan (Lair:3)
  8 wraiths
  16 humans (D:13)
  9 fire bats (Volcano)
  Eustachio (D:5)
  5 basilisks
  49 yaks
  A fire elemental (D:11)
  6 vampire mosquitoes
  21 redbacks
  Edmund (D:4)
  2 wargs
  A naga (Snake:1)
  5 acid dragons
  A water moccasin (shapeshifter) (D:15)
  22 water moccasins
  Duvessa (D:4)
  A swamp drake (D:11)
  21 orc warriors
  A black bear (Lair:1)
  A sky beast (Temple)
  A necrophage (D:8)
  22 ogres
  A phantom (D:4)
  7 centaurs
  4 kobold brigands
  14 bullfrogs
  Blork the orc (D:5)
  5 scorpions (Lair:2)
  A wyvern zombie (D:6)
  An earth elemental (D:11)
  A wyvern skeleton (D:7)
  Dowan (D:4)
  A water moccasin skeleton (D:7)
  6 killer bees
  8 wights
  An electric eel (Lair:5)
  7 howler monkeys
  7 lava snakes (Volcano)
  A bullfrog zombie (D:5)
  4 centaur zombies
  A hound (D:4)
  14 orc priests
  A centaur skeleton (D:7)
  7 jellies
  Terence (D:3)
  Natasha (thrice) (D:2)
  2 iguanas
  4 hell rats (Lair:2)
  16 orc wizards
  A killer bee zombie (D:8)
  A hound zombie (D:3)
  A hound skeleton (D:5)
  A howler monkey zombie (D:8)
  5 gnolls (Bailey)
  6 adders
  A white imp (D:8)
  An ufetubus (D:4)
  2 worms (D:2)
  62 orcs
  7 ball pythons
  21 endoplasms
  5 giant cockroaches
  11 goblins
  11 hobgoblins
  3 bats
  A frilled lizard (D:2)
  21 kobolds
  4 rats
  A lurking horror (Orc:1)
845 creatures vanquished.

Vanquished Creatures (others)
  An air elemental (D:11)
  A water elemental (D:11)
  62 fungi
  104 plants
  2 toadstools (D:3)
170 creatures vanquished.

Grand Total: 1015 creatures vanquished

Notes
Turn   | Place    | Note
-------+----------+-------------------------------------------
     0 | D:1      | fragbeetle the Draconian Transmuter began the quest for the
                  | Orb.
     0 | D:1      | Reached XP level 1. HP: 16/16 MP: 3/3
   505 | D:1      | You fall into a shaft and drop 1 floor!
   563 | D:2      | Reached XP level 2. HP: 21/23 MP: 3/5
   835 | D:2      | Reached XP level 3. HP: 10/28 MP: 6/6
  1254 | D:1      | Learned a level 3 spell: Spider Form
  1538 | D:2      | Noticed Natasha
  1545 | D:2      | Killed Natasha
  1548 | D:2      | Reached XP level 4. HP: 21/36 MP: 5/7
  1683 | D:2      | Found Ehuir's Book Shoppe.
  1689 | D:2      | Noticed Natasha
  1715 | D:2      | Killed Natasha
  1971 | D:2      | Noticed Natasha
  1978 | D:2      | Killed Natasha
  1979 | D:2      | Reached skill level 4 in Unarmed Combat
  2357 | D:3      | Noticed Terence
  2366 | D:3      | Killed Terence
  2367 | D:3      | Reached skill level 1 in Poison Magic
  2367 | D:3      | Reached XP level 5. HP: 33/41 MP: 4/8
  2996 | D:3      | Learned a level 4 spell: Ice Form
  3457 | D:4      | Noticed Duvessa
  3462 | D:4      | Noticed Dowan
  3613 | D:4      | Noticed a phantom
  3624 | D:4      | Killed a phantom
  3625 | D:4      | Reached XP level 6. HP: 48/50 MP: 6/9
  3642 | D:4      | Reached skill level 1 in Ice Magic
  3688 | D:4      | Noticed Edmund
  3738 | D:5      | Entered Level 5 of the Dungeon
  3762 | D:5      | Noticed Eustachio
  3776 | D:5      | Your scales start taking on a lurid green colour.
  3776 | D:5      | Reached XP level 7. HP: 38/57 MP: 6/10
  3776 | D:5      | Gained mutation: Your system is resistant to poisons.
                  | (rPois) [Green Draconian growth]
  3777 | D:5      | Noticed Blork the orc
  3799 | D:6      | Reached skill level 5 in Unarmed Combat
  4099 | D:6      | Learned a level 2 spell: Ensorcelled Hibernation
  4311 | D:6      | Noticed Maggie
  4841 | D:6      | Reached XP level 8. HP: 55/66 MP: 7/11
  5449 | D:7      | Reached skill level 6 in Unarmed Combat
  5513 | D:7      | Reached skill level 5 in Transmutations
  6651 | D:6      | Killed Maggie
  6652 | D:6      | Reached skill level 5 in Ice Magic
  6652 | D:6      | Reached XP level 9. HP: 65/73 MP: 12/12
  6712 | D:5      | Found a staircase to the Ecumenical Temple.
  6716 | Temple   | Entered the Ecumenical Temple
  6731 | Temple   | Became a worshipper of Warmaster Okawaru
  6768 | D:5      | Killed Eustachio
  6769 | D:5      | Reached skill level 7 in Unarmed Combat
  6789 | Temple   | Reached skill level 5 in Fighting
  7246 | D:5      | Noticed Prince Ribbit
  7268 | D:5      | Killed Prince Ribbit
  7673 | D:5      | Killed Blork the orc
  7743 | D:4      | Reached skill level 5 in Poison Magic
  7752 | D:4      | Noticed Grinder
  7761 | D:4      | Paralysed by Grinder for 7 turns
  7774 | D:4      | Paralysed by Grinder for 3 turns
  7779 | D:4      | Killed Grinder
  7779 | D:4      | Reached * piety under Okawaru
  8142 | D:4      | Killed Duvessa
  8147 | D:4      | Killed Dowan
  8647 | D:4      | Killed Edmund
  9151 | D:8      | Noticed a death knight
  9183 | D:7      | Reached skill level 5 in Dodging
  9183 | D:7      | Reached skill level 8 in Unarmed Combat
  9318 | D:9      | Reached XP level 10. HP: 82/82 MP: 9/13
  9362 | D:9      | Reached ** piety under Okawaru
 10059 | D:2      | Bought a Trismegistus Codex for 308 gold pieces
 10063 | D:2      | Learned a level 3 spell: Mephitic Cloud
 10453 | D:9      | Noticed a rust devil
 10486 | D:9      | Noticed a cyclops
 10496 | D:9      | Killed a cyclops
 10496 | D:9      | Reached *** piety under Okawaru
 10497 | D:9      | Reached skill level 1 in Conjurations
 10938 | D:9      | Noticed a sixfirhy
 11120 | D:9      | Noticed an orange demon
 11270 | D:9      | Noticed a sun demon
 11274 | D:9      | Reached skill level 9 in Unarmed Combat
 11460 | D:10     | Entered Level 10 of the Dungeon
 11468 | D:10     | Found a snail-covered altar of Cheibriados.
 11485 | D:10     | Found a flagged portal.
 11501 | D:10     | Reached **** piety under Okawaru
 11515 | D:10     | Reached XP level 11. HP: 84/91 MP: 14/16
 11559 | D:10     | Noticed a lindwurm
 11607 | Bailey   | Entered a bailey
 11707 | Bailey   | Noticed an orc knight
 11724 | Bailey   | Killed an orc knight
 11724 | Bailey   | Reached ***** piety under Okawaru
 11846 | Bailey   | Noticed an orc knight
 11956 | Bailey   | Killed an orc knight
 11956 | Bailey   | Identified the +5 lajatang of True Grit {vorpal, *Rage
                  | Will++ MP+9 Dex+4} (Okawaru gifted it to you in a bailey)
 11956 | Bailey   | Received a gift from Okawaru
 11994 | Bailey   | Noticed an orc warlord
 12594 | D:10     | Noticed a lindwurm
 12655 | D:10     | Noticed a lindwurm
 12720 | D:10     | Found a portal to a secret trove of treasure.
 12857 | D:10     | Noticed a death yak
 12857 | D:10     | Noticed a death yak
 12884 | D:10     | Found a transporter.
 12887 | D:10     | Noticed flotson's ghost (novice DsGl)
 12889 | D:10     | Noticed a boulder beetle
 12928 | D:10     | Noticed Maurice
 12955 | D:10     | Killed Maurice
 13350 | D:2      | Bought a book of Winter for 374 gold pieces
 13354 | D:2      | Learned a level 3 spell: Ozocubu's Armour
 13557 | D:10     | Found a transporter.
 13877 | D:11     | Reached skill level 10 in Unarmed Combat
 13914 | D:11     | Found a large runed translucent door.
 13914 | D:11     | Found a large runed translucent door.
 13918 | D:11     | Noticed a two-headed ogre
 14019 | D:11     | Received a gift from Okawaru
 14451 | D:11     | Noticed a two-headed ogre
 15046 | D:11     | Reached XP level 12. HP: 77/100 MP: 15/19
 15166 | D:11     | Noticed a two-headed ogre
 15484 | D:11     | Noticed Nergalle
 15508 | D:11     | Killed Nergalle
 15747 | D:11     | Found a staircase to the Orcish Mines.
 15982 | D:10     | Killed a two-headed ogre
 15993 | D:11     | Killed a two-headed ogre
 15993 | D:11     | Received a gift from Okawaru
 15994 | D:11     | Reached skill level 5 in Spellcasting
 16777 | D:10     | Got the Reference Book on Dusty Changing
 16783 | D:10     | Got Nimnogey's Papyrus of Shifting Creation
 16850 | D:10     | Found a staircase to the Lair.
 16850 | D:10     | Noticed a death yak
 17019 | D:10     | Killed a death yak
 17224 | Lair:1   | Entered Level 1 of the Lair of Beasts
 17232 | Lair:1   | Reached skill level 11 in Unarmed Combat
 17869 | Lair:1   | Noticed a seven-headed hydra
 17879 | Lair:1   | Killed a seven-headed hydra
 17880 | Lair:1   | Reached skill level 5 in Conjurations
 17894 | Lair:1   | Reached skill level 1 in Invocations
 18038 | Lair:1   | Noticed IdlyInterested's ghost (journeyman DsGl)
 18041 | Lair:1   | Found a transporter.
 18045 | Lair:1   | Found a transporter.
 18228 | Lair:1   | Noticed an eight-headed hydra
 18238 | Lair:1   | Killed an eight-headed hydra
 18427 | Lair:1   | Reached skill level 10 in Transmutations
 18617 | Lair:2   | Found a staircase to the Snake Pit.
 18678 | Lair:2   | Found a dark tunnel.
 18694 | Volcano  | Entered a volcano
 19425 | Lair:2   | Reached XP level 13. HP: 108/108 MP: 5/21
 19450 | Lair:2   | Identified the +8 rapier of Plog {drain, *Noise rElec
                  | Will+} (Okawaru gifted it to you on level 2 of the Lair of
                  | Beasts)
 19450 | Lair:2   | Received a gift from Okawaru
 19557 | Lair:2   | Noticed Erica
 20005 | Lair:3   | Learned a level 7 spell: Dragon Form
 20708 | Lair:3   | Reached ****** piety under Okawaru
 21372 | Lair:4   | Received a gift from Okawaru
 21372 | Lair:4   | Found the +8 frozen axe "Frostbite" {freezing cloud, *Noise
                  | Fly rC+}
 21668 | Lair:4   | Reached skill level 12 in Unarmed Combat
 23408 | Lair:6   | Entered Level 6 of the Lair of Beasts
 23512 | Lair:6   | Received a gift from Okawaru
 23992 | Lair:6   | Gained mutation: Your tail ends in a venomous barb. [Green
                  | Draconian growth]
 23992 | Lair:6   | Reached XP level 14. HP: 118/118 MP: 20/24
 24135 | Lair:6   | Found a staircase to the Slime Pits.
 24136 | Lair:6   | Found a viscous altar of Jiyva.
 24636 | Lair:6   | Identified the +8 executioner's axe of Amitoaw {chaos, rF+
                  | rN+ Str-3 Int+4} (Okawaru gifted it to you on level 6 of
                  | the Lair of Beasts)
 24636 | Lair:6   | Received a gift from Okawaru
 25839 | D:10     | Reached skill level 1 in Slings
 26056 | Orc:1    | Entered Level 1 of the Orcish Mines
 26159 | Orc:2    | Entered Level 2 of the Orcish Mines
 26218 | Orc:2    | Found a staircase to the Elven Halls.
 26562 | Orc:2    | Reached skill level 5 in Invocations
 27106 | Orc:2    | Noticed Clumpoid's ghost (journeyman TrMo)
 27198 | Orc:2    | Received a gift from Okawaru
 27202 | Orc:2    | Reached skill level 13 in Unarmed Combat
 27473 | Orc:2    | Found Rileogu's Distillery.
 27479 | Orc:2    | Found a runed translucent gate.
 27479 | Orc:2    | Found a runed translucent gate.
 27479 | Orc:2    | Found a runed translucent gate.
 27484 | Orc:2    | Found Cogahan's Distillery.
 27510 | Orc:2    | Received a gift from Okawaru
 27867 | Orc:2    | Reached skill level 10 in Fighting
 27877 | Orc:2    | Found Sewiat's Magic Scroll Shoppe.
 27878 | Orc:2    | Found Awye's Book Emporium.
 27880 | Orc:2    | Bought a potion of curing for 45 gold pieces
 27972 | Orc:2    | Bought a scroll of identify for 28 gold pieces
 27997 | Orc:2    | Bought a potion of magic for 128 gold pieces
 27997 | Orc:2    | Bought a potion of resistance for 160 gold pieces
 27997 | Orc:2    | Bought a potion of ambrosia for 128 gold pieces
 28443 | Orc:1    | Found Fagg's Specific Store.
 28445 | Orc:1    | Found Hakhlic's General Store.
 28448 | Orc:1    | Bought a scroll of teleportation for 36 gold pieces
 28452 | Orc:1    | Bought a scroll of teleportation for 42 gold pieces
 28650 | Orc:1    | Found a corrupted altar of Lugonu.
 28650 | Orc:1    | Found a one-way gate to the infinite horrors of the Abyss.
 29394 | Orc:2    | Bought a book of Iron for 576 gold pieces
 29400 | Orc:2    | Learned a level 5 spell: Blade Hands
 29698 | D:12     | Identified the +6 rapier "Wuitoir" {vorpal, Contam rElec
                  | rPois}
 29784 | D:12     | Noticed Gastronok
 29799 | D:12     | Killed Gastronok
 29995 | D:12     | Reached XP level 15. HP: 126/126 MP: 19/27
 30281 | D:12     | Reached skill level 10 in Ice Magic
 31297 | D:11     | Paralysed by an air elemental for 1 turns
 31820 | Lair:1   | Killed IdlyInterested's ghost
 32025 | Lair:2   | Noticed Harold
 32049 | Lair:2   | Killed Harold
 32612 | Lair:2   | Killed Erica
 32764 | Lair:2   | Found a hole to the Spider Nest.
 33491 | D:13     | Identified a scroll of acquirement
 33495 | D:13     | Acquired 538 gold pieces
 33550 | D:13     | Noticed Urug
 33551 | D:13     | Found a gate to the Vaults.
 33570 | D:13     | Killed Urug
 33634 | D:13     | Noticed Rupert
 33655 | D:13     | Killed Rupert
 33655 | D:13     | Received a gift from Okawaru
 35321 | D:14     | Received a gift from Okawaru
 35874 | D:14     | Reached skill level 14 in Unarmed Combat
 36568 | D:15     | Entered Level 15 of the Dungeon
 36843 | D:15     | Reached skill level 1 in Stealth
 36884 | D:15     | Identified the +2 buckler of the Ten Lies {Dex+5} (Okawaru
                  | gifted it to you on level 15 of the Dungeon)
 36884 | D:15     | Received a gift from Okawaru
 37125 | D:15     | Reached XP level 16. HP: 136/136 MP: 19/28
 37663 | D:15     | Reached skill level 1 in Shields
 38100 | D:15     | Found a staircase to the Depths.
 38163 | D:15     | Found a basalt altar of Yredelemnul.
 38164 | D:15     | Found a shimmering blue altar of Sif Muna.
 38164 | D:15     | Found an opulent altar of Gozag.
 39202 | D:15     | Received a gift from Okawaru
 39480 | D:15     | Paralysed by an ogre mage for 7 turns
 39494 | D:15     | Received a gift from Okawaru
 40063 | D:15     | Reached skill level 5 in Slings
 40093 | D:15     | Received a gift from Okawaru
 40760 | D:15     | Noticed a tengu reaver
 40788 | D:15     | Learned a level 2 spell: Passwall
 41344 | Snake:1  | Entered Level 1 of the Snake Pit
 41380 | Snake:1  | Found Afouz's Assorted Antiques.
 41382 | Snake:1  | Found Tummuw's Assorted Antiques.
 41511 | Snake:1  | Learned a level 7 spell: Ozocubu's Refrigeration
 41802 | Snake:1  | Upgraded the game from 0.28-a0-1412-gf95308ed99 to
                  | 0.28-a0-1415-g7c84da036a
 42624 | Spider:1 | Entered Level 1 of the Spider Nest
 42652 | Lair:2   | Reached skill level 1 in Earth Magic
 42916 | Spider:1 | Reached skill level 15 in Unarmed Combat
 42919 | Spider:1 | Identified the +6 hunting sling "Killer Klown's Regret"
                  | {vorpal, rC+} (Okawaru gifted it to you on level 1 of the
                  | Spider Nest)
 42919 | Spider:1 | Received a gift from Okawaru
 42932 | Spider:1 | Reached XP level 17. HP: 57/144 MP: 28/30
 45145 | Spider:1 | Identified the +0 hat "Holisch" {Contam rPois rC+++ Slay+2}
                  | (Okawaru gifted it to you on level 1 of the Spider Nest)
 45145 | Spider:1 | Received a gift from Okawaru
 45703 | Spider:1 | HP: 5/146 [meliai/divine providence (12)]
 45705 | Spider:1 | Killed from afar by a meliai

Illustrated notes

Levels and vault maps discovered:
D:1:      heliophobic_arrival_battle_scene, layout_basic
D:2:      layout_basic, serial_glass, glass_columns_c, glass_columns_b,
          glass_columns_a, glass_columns_b, glass_columns_a, glass_columns_a,
          glass_columns_c, glass_columns_c, glass_columns_a, glass_columns_a,
          glass_columns_a, glass_columns_b, glass_columns_b, glass_columns_a,
          serial_shops, nicolae_diamond_shop, minmay_quadrilaterals,
          uniq_natasha
D:3:      layout_basic, chequers_arboretum, minmay_gold_behind_fungi,
          uniq_terence
D:4:      layout_loops_ring, uniq_duvessa, uniq_grinder, uniq_edmund
D:5:      layout_rooms, minmay_temple_entry_ruins, uniq_prince_ribbit1,
          uniq_eustachio, uniq_blork_the_orc
D:6:      layout_loops_corners, uniq_maggie
D:7:      layout_layer_cave, chequers_serial_rivers_room_b
D:8:      kennysheep_blocky_room, layout_basic, glass_columns_a,
          minmay_misc_feat_five, nrook_loot_triangle
D:9:      layout_gridville
D:10:     layout_irregular_city, mainiacjoe_overflow_brackets,
          dpeg_lair_monsters, gammafunk_ghost_arena,
          nicolae_trove_entry_crystal, enter_bailey_8, minmay_lindwurm_lava,
          uniq_maurice
D:11:     minmay_angry_zag, layout_rooms, erik_orc_1, serial_rivers,
          chequers_serial_rivers_marsh, chequers_serial_rivers_small_b,
          chequers_serial_rivers_micro_c, chequers_serial_rivers_large_b,
          serial_bayou_lagoon_a, lightli_elemental_guards, uniq_nergalle
D:12:     layout_long_grid, grunt_ministairs_3, uniq_gastronok
D:13:     layout_gridville, david_vaults_3
D:14:     lemuel_slime, layout_stronghold, grunt_decor_resistance
D:15:     hangedman_slaughterboxes
Temple:   grunt_wide_crystal_templ
Lair:1:   layout_cave_pods, gammafunk_ghost_arena
Lair:2:   wad_woods_pond, layout_long_grid, nicolae_spider_entry_non_spiders,
          enter_volcano_2, lemuel_fruit_tree, uniq_erica, uniq_harold
Lair:3:   layout_loops_ring, grunt_forest_large_clearing_hut,
          lemuel_fruit_fields
Lair:4:   layout_regular_city, st_stairs_3
Lair:5:   layout_regular_city, serial_bayou_shore_a
Lair:6:   hangedman_lair_tendril_chambers, layout_cave_pods, slime_altar_1
Snake:1:  layout_layer_cave, minmay_shoptagon, serial_bayou_shore_b
Spider:1: layout_chambers
Spider:2: layout_spider_delve
Orc:1:    layout_caves, nicolae_specific_store, amcnicky_altar_lugonu_corruption
Orc:2:    st_orc_open, layout_caves, basic_altar, gammafunk_ghost_split,
          mines3_lemuel

Skill      XL: |  1  2  3  4  5  6  7  8  9 10 11 12 13 14 15 16 17 |
---------------+----------------------------------------------------+-----
Dodging        | 2 3 4 5 6 7 8 9 |  9.1
Fighting       | 2 3 4 5 6 7 8 9 10 11 | 11.7
Transmutations | 3 4 5 6 7 8 10 11 12 13 | 13.7
Unarmed Combat | 4 5 6 8 9 10 11 12 13 14 15 | 15.3
Poison Magic   | 1 2 3 4 5 6 7 |  7.8
Ice Magic      | 1 3 5 6 7 8 9 11 12 | 12.3
Spellcasting   | 3 4 5 6 8 9 |  9.1
Conjurations   | 2 3 5 6 |  6.5
Invocations    | 2 4 5 7 |  7.0
Slings         | 2 4 5 |  5.1
Stealth        | 1 3 4 |  4.5
Shields        | 3 4 |  4.1
Earth Magic    | 1 2 |  2.5

Action                   |  1- 3 |  4- 6 |  7- 9 | 10-12 | 13-15 | 16-18 || total
-------------------------+-------+-------+-------+-------+-------+-------++-------
Melee: Unarmed           |    72 |   113 |   305 |   621 |  1084 |   543 ||  2738
       Kick              |    17 |    15 |    13 |    14 |       |       ||    59
       Headbutt          |    13 |     5 |     9 |    19 |       |       ||    46
       Tailslap          |     5 |    11 |    17 |    13 |    68 |   127 ||   241
       Punch             |       |       |     5 |     3 |    51 |    74 ||   133
       Lajatang          |       |       |       |    18 |       |       ||    18
 Fire: Fustibalus        |       |       |       |       |   108 |    32 ||   140
Throw: Dart              |       |       |     2 |    71 |    19 |       ||    92
       Boomerang         |       |       |       |    20 |     1 |       ||    21
 Cast: Beastly Appendage |    20 |    20 |    12 |    11 |     2 |       ||    65
       Spider Form       |       |     5 |    22 |       |     1 |       ||    28
       Ice Form          |       |       |    10 |    66 |    91 |     6 ||   173
       Mephitic Cloud    |       |       |       |    17 |     9 |       ||    26
       Ozocubu's Armour  |       |       |       |    27 |   104 |    51 ||   182
       Ensorcelled Hiber |       |       |       |     6 |       |       ||     6
       Blade Hands       |       |       |       |       |    51 |    68 ||   119
Invok: Heroism           |       |       |       |       |     2 |     1 ||     3
       Finesse           |       |       |       |       |     1 |       ||     1
 Abil: Breathe Noxious F |       |       |     1 |     1 |       |       ||     2
       End Transformatio |       |       |       |     4 |    19 |     6 ||    29
Evoke: Wand              |       |       |     7 |     9 |     1 |       ||    17
  Use: Scroll            |       |     3 |     5 |     8 |    19 |     6 ||    41
       Potion            |       |     1 |     2 |     3 |     2 |     5 ||    13
 Stab: Sleeping          |       |     1 |     4 |       |       |       ||     5
       Paralysed         |       |       |     5 |     7 |       |       ||    12
       Confused          |       |       |       |     8 |     1 |       ||     9
Armor: Skin              |    15 |    28 |    45 |   213 |   336 |   241 ||   878
Dodge: Dodged            |    44 |    77 |   169 |   393 |   571 |   417 ||  1671
Block: Buckler           |       |       |       |       |     2 |     7 ||     9

Table legend: (Time is in decaauts)
 A = Elapsed time spent in this place.
 B = Non-inter-level travel time spent in this place.
 C = Inter-level travel time spent in this place.
 D = Time resting spent in this place.
 E = Time spent auto-exploring this place.
 F = Levels seen in this place.
 G = Mean time per level.
                   A        B        C        D        E       F      G
               +--------+--------+--------+--------+--------+-----+--------+
         Total |  45290 |  43884 |   1406 |  14825 |   7682 |  29 | 1561.7 |
       Dungeon |  26266 |  25058 |   1208 |   8849 |   4394 |  15 | 1751.1 |
        Temple |    304 |    304 |      0 |    257 |      0 |   1 |  304.0 |
          Lair |  10418 |  10234 |    184 |   2490 |   2929 |   6 | 1736.3 |
     Snake Pit |    766 |    766 |      0 |    268 |     68 |   1 |  766.0 |
   Spider Nest |   2544 |   2544 |      0 |   1123 |      0 |   2 | 1272.0 |
  Orcish Mines |   3562 |   3548 |     14 |   1205 |    291 |   2 | 1781.0 |
        Bailey |    746 |    746 |      0 |    362 |      0 |   1 |  746.0 |
       Volcano |    680 |    680 |      0 |    269 |      0 |   1 |  680.0 |
               +--------+--------+--------+--------+--------+-----+--------+

Top non-repeatable levels by time:
    D:15: 4138 daAuts
    D:11: 3116 daAuts
  Lair:2: 2671 daAuts
    D:10: 2536 daAuts
Spider:1: 2437 daAuts
  Lair:6: 2255 daAuts
    D:14: 2229 daAuts
   Orc:2: 2006 daAuts
     D:9: 1826 daAuts
  Lair:1: 1805 daAuts
     D:7: 1717 daAuts
     D:2: 1663 daAuts
     D:6: 1657 daAuts
  Lair:3: 1627 daAuts
   Orc:1: 1555 daAuts
